 Dungeon Crawl Stone Soup version 0.27-a0-58-g0ec5f8ab93 (webtiles) character file.

Game seed: 13362989775890137737

37 Forecaster the Magician (level 3, -3/28 HPs)
             Began as a Naga Hedge Wizard on Jan 8, 2021.
             Killed from afar by an orc wizard (4 damage)
             ... with a puff of flame
             ... on level 4 of the Dungeon.
             The game lasted 00:06:46 (1562 turns).

Forecaster the Magician (Naga Hedge Wizard)         Turns: 1562, Time: 00:06:47

Health: -3/28      AC:  2    Str: 12    XL:     3   Next: 41%
Magic:  0/8        EV: 10    Int: 14    God:
Gold:   53         SH:  0    Dex: 11    Spells: 4/9 levels left

rFire    + . .     SeeInvis +   a - +0 dagger
rCold    x . .     Faith    .   (no shield)
rNeg     . . .     Spirit   .   b - +0 robe
rPois    +         Reflect  .   c - +0 hat
rElec    .         Harm     .   (no cloak)
rCorr    .         Rampage  .   (no gloves)
Will     .....                  (no barding)
Stlth    ++........             (no amulet)
HPRegen  0.09/turn              m - ring of fire
MPRegen  0.11/turn              (no ring)

@: very slow
A: large, see invisible, deformed body, poison resistance, slowness 2, spit
poison 1, AC +1
a: Spit Poison


You were on level 4 of the Dungeon.
You visited 1 branch of the dungeon, and saw 3 of its levels.

You collected 53 gold pieces.

Inventory:

Hand Weapons
 a - a +0 dagger (weapon)
Missiles
 l - 2 curare-tipped darts
Armour
 b - a +0 robe (worn)
 c - a +0 hat (worn)
 e - a +2 leather armour of fire resistance
Jewellery
 m - a ring of fire (left hand)
Scrolls
 f - 2 scrolls of identify {unknown}
 h - a scroll of immolation {unknown}
 i - 2 scrolls of teleportation {unknown}
 j - a scroll of enchant weapon {unknown}
 k - a scroll of remove curse {unknown}
 o - a scroll of blinking {unknown}
Potions
 d - a potion of lignification {unknown}
 g - a potion of heal wounds {unknown}
 n - 3 potions of mutation {unknown}


   Skills:
 + Level 0.2 Short Blades
 + Level 0.1 Armour
 + Level 1.7 Dodging
 + Level 3.4 Stealth
 + Level 3.7 Spellcasting
 + Level 1.4 Conjurations
 + Level 1.1 Summonings
 + Level 1.0 Translocations


You had 4 spell levels left.
You knew the following spells:

 Your Spells              Type           Power        Failure   Level
a - Magic Dart            Conj           24%          11%         1
b - Call Imp              Summ           5%           19%         2
c - Blink                 Tloc           N/A          21%         2

Your spell library contained the following spells:

 Spells                   Type           Power        Failure   Level
 Slow                     Hex            2%           30%         2
 Conjure Flame            Conj/Fire      6%           41%         3
 Mephitic Cloud           Conj/Pois/Air  3%           45%         3


Dungeon Overview and Level Annotations

Branches:
Dungeon (2/15)

Altars:
Cheibriados

Annotations:
D:2 1 runed translucent door, Crazy Yiuf


Innate Abilities, Weirdness & Mutations

You cannot wear boots.
Your serpentine skin is tough. (AC +1)
You have supernaturally acute eyesight. (SInv)
Armour fits poorly on your strangely shaped body.
Your system is resistant to poisons. (rPois)
You cover ground very slowly.
You can spit poison.


Message History

Your crimson imp hits the orc wizard.
Casting: Call Imp (safe; 19% risk of failure)
Confirm with . or Enter, or press ? or * to list all spells.
You blink.
A worm comes into view.
The orc wizard barely misses your crimson imp.
Your crimson imp misses the orc wizard.
The orc wizard casts a spell.
The orc wizard blinks!
The orc priest looks encouraged for a moment.
Found 12 gold pieces.
The orc wizard hits your crimson imp with a +0 dagger.
Your crimson imp closely misses the orc wizard.
The orc wizard hits you but does no damage.
The orc wizard closely misses you.
The orc wizard hits you but does no damage.
Your crimson imp barely misses the orc wizard.
The orc wizard points at you and mumbles some strange words.
The puff of flame hits you. You resist.
You die...

##### ....# ###...#
....... #....##
####...5#####
........)...#
####....###.#######.#
#....# #.o.o@....#
#.o.o# #..5o.###.#
#...... #.....#w#.#
........
#...#####.w..
.##......
#...#w#_..#..
......###.#.#####.# .
......#w#.#
#.#....###.. #.
....$...#


You could see 3 torpor snails, a worm (asleep), an orc priest, 2 orc wizards and
a friendly crimson imp (summoned).

Vanquished Creatures
  5 bats
  3 goblins (D:1)
  3 hobgoblins (D:1)
  A jackal (D:1)
  4 kobolds
  2 rats (D:1)
18 creatures vanquished.

Vanquished Creatures (collateral kills)
  Jessica (D:2)
  An orc (D:4)
  A goblin (D:1)
  A hobgoblin (D:1)
4 creatures vanquished.

Grand Total: 22 creatures vanquished

Notes
Turn   | Place    | Note
-------+----------+-------------------------------------------
     0 | D:1      | Forecaster the Naga Hedge Wizard began the quest for the
                  | Orb.
     0 | D:1      | Reached XP level 1. HP: 15/15 MP: 4/4
   305 | D:1      | Reached XP level 2. HP: 19/22 MP: 0/6
   308 | D:1      | Learned a level 2 spell: Call Imp
   311 | D:1      | Learned a level 2 spell: Blink
  1204 | D:2      | Found a runed translucent door.
  1205 | D:2      | Noticed Crazy Yiuf
  1219 | D:2      | Noticed Jessica
  1226 | D:2      | Killed Jessica
  1227 | D:2      | Reached XP level 3. HP: 28/28 MP: 0/8
  1537 | D:2      | You fall into a shaft and drop 2 floors!
  1542 | D:4      | Found a snail-covered altar of Cheibriados.
  1542 | D:4      | Noticed a torpor snail
  1542 | D:4      | Noticed a torpor snail
  1557 | D:4      | Noticed a torpor snail
  1557 | D:4      | HP: 1/28 [orc wizard/+0 dagger (4)]
  1562 | D:4      | Killed from afar by an orc wizard

Illustrated notes

Levels and vault maps discovered:
D:1:      shiori_arrival_maze, layout_loops_cross, grunt_decor_junction,
          chequers_serial_rivers_micro_e
D:2:      layout_loops_corners, nicolae_overflow_hidden_temple,
          grunt_dithmenos_smoke, uniq_jessica, uniq_crazy_yiuf_cottage
D:4:      layout_loops_ring, cheibriados_altar_2, uniq_robin, uniq_sigmund,
          uniq_menkaure

Action                   || total
-------------------------++-------
Melee: Dagger            ||    16
 Cast: Magic Dart        ||    37
       Call Imp          ||    10
       Blink             ||     1
Armor: Leather armour    ||     3
       Robe              ||    14
Dodge: Dodged            ||    22

Table legend: (Time is in decaauts)
 A = Elapsed time spent in this place.
 B = Non-inter-level travel time spent in this place.
 C = Inter-level travel time spent in this place.
 D = Time resting spent in this place.
 E = Time spent auto-exploring this place.
 F = Levels seen in this place.
 G = Mean time per level.
                   A        B        C        D        E       F      G
               +--------+--------+--------+--------+--------+-----+--------+
         Total |   1859 |   1820 |     39 |    100 |   1422 |   3 |  619.7 |
       Dungeon |   1859 |   1820 |     39 |    100 |   1422 |   3 |  619.7 |
               +--------+--------+--------+--------+--------+-----+--------+

Top non-repeatable levels by time:
     D:1: 1252 daAuts
     D:2: 580 daAuts
     D:4: 27 daAuts
